 Dungeon Crawl Stone Soup version 0.16.2-12-gd0ad4c3 (webtiles) character file.

161629 faibistes the Eclecticist (level 17, -8/97 HPs)
             Began as a Deep Elf Wizard on Aug 28, 2018.
             Was the Champion of Sif Muna.
             Mangled by Agnes
             ... wielding a +4 lajatang of speed
              (22 damage)
             ... on level 3 of the Snake Pit on Aug 29, 2018.
             The game lasted 02:28:10 (49984 turns).

faibistes the Eclecticist (Deep Elf Wizard)        Turns: 49984, Time: 02:28:10

Health: -8/97      AC: 12    Str:  6    XL:     17   Next: 20%
Magic:  27/50      EV: 15    Int: 35    God:    Sif Muna [******]
Gold:   1680       SH:  0    Dex:  8    Spells: 11 memorised, 2 levels left

rFire  + + .     SeeInvis .     P - staff of fire
rCold  . . .     Clarity  .     G - +0 robe of Benevolence {rF- rC++ rN++ Int+4 Dex-5}
rNeg   + + .     SustAb   .     (no shield)
rPois  .         Gourm    .     u - +2 helmet
rElec  .         Spirit   .     c - +1 cloak
rCorr  .         Warding  .     Z - +1 pair of gloves
rMut   .         Stasis   .     T - +2 pair of boots
MR     +....                    (no amulet)
Stlth  ++........               j - ring of wizardry
                                D - ring of magical power

@: immune to fire clouds, deflect missiles, somewhat resistant to hostile
enchantments, unstealthy
A: strong 1
a: Channel Energy, Forget Spell, Renounce Religion


You were on level 3 of the Snake Pit.
You worshipped Sif Muna.
Sif Muna was exalted by your worship.
You were not hungry.

You visited 6 branches of the dungeon, and saw 33 of its levels.
You visited the Abyss 1 time.

You collected 3382 gold pieces.
You spent 1702 gold pieces at shops.

Inventory:

Armour
 c - a +1 cloak (worn)
 e - a +2 robe of magic resistance
 u - a +2 helmet (worn)
 B - a +0 robe of fire resistance
 G - the +0 robe of Benevolence (worn) {rF- rC++ rN++ Int+4 Dex-5}
   (You found it on level 10 of the Dungeon)

   It affects your intelligence (+4).
   It affects your dexterity (-5).
   It makes you vulnerable to fire.
   It greatly protects you from cold.
   It greatly protects you from negative energy.
 T - a +2 pair of boots (worn)
 Z - a +1 pair of gloves (worn)
Magical staves
 P - an uncursed staff of fire (weapon)
Jewellery
 j - a ring of wizardry (right hand)
 A - an uncursed ring of positive energy
 D - a ring of magical power (left hand)
 H - an uncursed ring of protection from magic
 J - an uncursed ring of flight
 K - an uncursed ring of poison resistance
 Q - an uncursed ring of see invisible
 X - an uncursed amulet of stasis
Magical devices
 b - a wand of fireball (5)
 f - a wand of lightning (8)
 C - a wand of confusion (27)
 F - a wand of heal wounds (2)
 M - a wand of teleportation (3)
 O - a wand of lightning (8)
 R - a wand of disintegration (12)
 U - a wand of cold (5)
 W - a wand of disintegration (8)
Scrolls
 k - 7 scrolls of remove curse
 m - 3 scrolls of recharging
 o - 8 scrolls of teleportation
 s - 3 scrolls of identify
 t - 5 scrolls of fog
 w - 8 scrolls of magic mapping
 L - 2 scrolls of fear
 S - 2 scrolls of enchant weapon
 V - 2 scrolls of summoning
Potions
 a - 3 potions of curing
 i - 3 potions of magic
 n - 3 potions of ambrosia
 p - 6 potions of might
 q - 2 potions of brilliance
 r - 2 potions of invisibility
 v - 3 potions of cancellation
 x - 5 potions of haste
 z - 3 potions of restore abilities
 I - 5 potions of heal wounds
 N - 4 potions of flight
Books
 y - Sif Muna's Volume of Orientation
   (Sif Muna gifted it to you on level 4 of the Snake Pit)

   Spells                             Type                      Level
   a - Teleport Other                 Translocation                3
   b - Gell's Gravitas                Hexes/Translocation          5
   c - Dispersal                      Translocation                6
Miscellaneous
 g - a lamp of fire
Comestibles
 d - 20 bread rations
 h - 14 meat rations
 l - 14 royal jellies


   Skills:
 + Level 8.1 Fighting
 - Level 10.0 Dodging
 - Level 2.4 Stealth
 * Level 17.7 Spellcasting
 * Level 11.7 Conjurations
 * Level 12.3 Charms
   Level 5.0 Summonings
 * Level 7.7 Translocations
 - Level 3.0 Transmutations
 * Level 11.9 Fire Magic
 - Level 5.0 Air Magic
 * Level 11.6 Earth Magic
 - Level 3.0 Poison Magic
 - Level 10.1 Invocations
 - Level 9.3 Evocations


You had 2 spell levels left.
You knew the following spells:

 Your Spells              Type           Power        Failure   Level  Hunger
a - Magic Dart            Conj           ####         0%          1    None
b - Ring of Flames        Chrm/Fire      ########..   3%          7    ###....
d - Blink                 Tloc           N/A          1%          2    None
e - Mephitic Cloud        Conj/Pois/Air  ######..     1%          3    None
f - Deflect Missiles      Chrm/Air       ######....   2%          6    None
g - Airstrike             Air            ######....   1%          4    None
h - Iron Shot             Conj/Erth      #######...   1%          6    None
i - Ignite Poison         Fire/Trmt      ########..   1%          5    None
v - Bolt of Fire          Conj/Fire      ########..   1%          6    None
x - Sticky Flame          Conj/Fire      ########     1%          4    None
z - Fireball              Conj/Fire      ########..   1%          5    None


Dungeon Overview and Level Annotations

Branches:
Dungeon (14/15)            Temple (1/1) D:6            Lair (8/8) D:9
 Shoals (0/5) Lair:4        Snake (4/5) Lair:3        Slime (0/6) Lair:8
    Orc (4/4) D:12            Elf (2/3) Orc:3
 Vaults: D:13-14

Altars:
Ashenzari
Cheibriados
Dithmenos
Elyvilon
Fedhas
Gozag
Kikubaaqudgha
Makhleb
Nemelex Xobeh
Okawaru
Qazlal
Ru
Sif Muna
Trog
Vehumet
Xom
Yredelemnul
Zin
The Shining One
Beogh
Jiyva

Shops:
D:6 *   D:12 (   Orc:4 =!}!   Elf:1 %

Annotations:
Snake:3 Agnes


Innate Abilities, Weirdness & Mutations

You are immune to clouds of flame.
Your muscles are strong. (Str +2)


Message History

Confirm with . or Enter, or press ? or * to list all spells.
Aiming: Iron Shot
Press: ? - help, Shift-Dir - straight line, f - Agnes
Aim: Agnes, wielding a lajatang of speed and wearing an embroidered robe (flame, lightly wounded)
The iron shot misses Agnes.
Agnes is engulfed in roaring flames.
Agnes hits you with a lajatang of speed!!
Agnes is engulfed in roaring flames.
Agnes hits you with a lajatang of speed!
Casting: Iron Shot
Confirm with . or Enter, or press ? or * to list all spells.
Aiming: Airstrike
Press: ? - help, Dir - move target cursor, f - you, p - Agnes
Okay, then.
Unknown command.
Agnes is engulfed in roaring flames.
Agnes hits you with a lajatang of speed!!
* * * LOW HITPOINT WARNING * * *
Agnes is engulfed in roaring flames.
Agnes hits you with a lajatang of speed!!
You die...

... ......
##......
##........ ..
##..........
...#...........
...............
.......§§§.......
.......§@i)......
.......§§§.......
...............
...............
...............
.............
#..........
#........ ...


You could see Agnes.

Vanquished Creatures
  Saint Roka (Snake:1)
  Vashnia (Snake:2)
  Asterion (Elf:2)
  A tentacled starspawn (Abyss:1)
  Frances (Elf:2)
  Maud (Lair:4)
  A cacodemon (Abyss:1)
  Louise (Elf:1)
  A deep elf sorcerer (Elf:1)
  2 deep elf demonologists
  An eidolon (Abyss:1)
  Snorg (Lair:8)
  2 deep elf death magi
  An ogre mage (D:13)
  6 naga warriors
  Nessos (D:12)
  A catoblepas (Lair:5)
  6 hydras
  16 dancing weapons (Elf:2)
  8 death yaks
  A shock serpent (Snake:4)
  6 naga sharpshooters
  Urug (D:12)
  Nergalle (Lair:2)
  A thrashing horror (Abyss:1)
  An ice devil (Abyss:1)
  An unseen horror (D:12)
  17 deep elf knights
  10 deep elf summoners
  2 hill giants
  2 starcursed masses (Abyss:1)
  9 orc knights (Orc:4)
  2 griffons
  3 orc sorcerers
  16 deep elf conjurers
  3 salamanders
  2 mana vipers
  An ugly thing (D:11)
  A sixfirhy (Elf:1)
  10 black mambas
  A siren (Lair:4)
  6 elephants (Lair:7)
  An orange demon (Abyss:1)
  2 kobold demonologists (D:11)
  A large abomination (Abyss:1)
  8 naga magi
  30 spiny frogs
  7 fire drakes
  12 komodo dragons
  3 trolls
  10 deep elf priests
  3 merfolk (Lair:4)
  4 giant leeches
  3 two-headed ogres
  3 raiju (Abyss:1)
  2 polar bears (Lair:8)
  A boulder beetle (Lair:5)
  A fire dragon zombie (Abyss:1)
  22 blink frogs
  3 basilisks
  An iron dragon simulacrum (Abyss:1)
  A steam dragon (Lair:7)
  A yak (shapeshifter) (Elf:1)
  A wraith (D:11)
  55 yaks
  39 deep elf magi
  2 wyverns
  2 redbacks (Elf:2)
  13 hippogriffs
  A spriggan (shapeshifter) (Elf:1)
  8 wolves
  5 vampire mosquitoes
  20 water moccasins
  40 deep elf fighters
  A hungry ghost (D:7)
  11 wargs
  21 nagas
  A phantom (D:11)
  13 porcupines
  A sky beast (shapeshifter) (Elf:2)
  2 necrophages
  4 sky beasts
  A black bear (Lair:1)
  14 ice beasts
  36 orc warriors
  11 ogres
  9 centaurs
  2 big kobolds (D:11)
  2 boring beetles
  14 crocodiles
  A brain worm (D:12)
  25 giant frogs
  A small abomination (Abyss:1)
  A wyvern skeleton (D:9)
  34 killer bees
  5 scorpions
  5 electric eels
  2 goliath beetles (D:6)
  2 crimson imps
  8 wights (D:11)
  15 hounds
  A quasit (D:13)
  A centaur zombie (D:5)
  An iron imp (Abyss:1)
  5 jellies
  4 giant frog zombies
  11 orc priests
  4 centaur skeletons
  4 giant frog skeletons
  9 iguanas
  14 orc wizards
  A hell rat (Elf:2)
  3 worker ants
  15 sheep
  A hound zombie (D:8)
  2 mummies (D:8)
  2 hound skeletons
  A worker ant zombie (D:8)
  27 adders
  74 river rats
  A white imp (Abyss:1)
  2 giant mites (D:5)
  A worm (D:4)
  2 adder skeletons
  An ooze (D:5)
  147 orcs
  18 bats
  3 bat skeletons
  6 giant cockroaches
  14 hobgoblins
  12 quokkas
  8 giant geckos
  A giant newt (D:2)
  3 giant spores
  16 goblins
  16 jackals
  12 kobolds
  2 quokka skeletons
  16 rats
  A ballistomycete (D:12)
  2 butterflies (Lair:3)
  2 crawling corpses (Elf:1)
  4 fungi
  5 plants
1173 creatures vanquished.

Vanquished Creatures (collateral kills)
  A queen bee (D:9)
  An orc warrior (Orc:4)
  An ogre (Orc:4)
  6 killer bees (D:9)
  2 orc wizards (Orc:4)
  2 adders
  15 orcs
  A hobgoblin (D:8)
  4 jackals
  A bat (D:1)
  A kobold (D:4)
35 creatures vanquished.

Vanquished Creatures (others)
  A small abomination (Abyss:1)
  An ogre (D:7)
  2 lost souls (Elf:1)
  2 crimson imps (D:9)
  34 fungi
  26 plants
  264 snaplasher vine segments (Orc:2)
  2 starspawn tentacles (Abyss:1)
332 creatures vanquished.

Grand Total: 1540 creatures vanquished

Notes
Turn   | Place    | Note
--------------------------------------------------------------
     0 | D:1      | faibistes, the Deep Elf Wizard, began the quest for the Orb.
     0 | D:1      | Reached XP level 1. HP: 10/10 MP: 6/6
   224 | D:1      | Reached XP level 2. HP: 15/15 MP: 7/10
   228 | D:1      | Learned a level 2 spell: Blink
   231 | D:1      | Learned a level 2 spell: Call Imp
   293 | D:1      | Reached skill level 5 in Spellcasting
  1200 | D:2      | Reached XP level 3. HP: 19/19 MP: 11/14
  1205 | D:2      | Learned a level 3 spell: Conjure Flame
  1209 | D:2      | Learned a level 3 spell: Mephitic Cloud
  1714 | D:3      | Learned a level 2 spell: Repel Missiles
  1746 | D:3      | Reached XP level 4. HP: 24/24 MP: 9/17
  1800 | D:2      | Found an ancient bone altar of Kikubaaqudgha.
  2688 | D:4      | Noticed an ogre
  2708 | D:4      | Killed an ogre
  2708 | D:4      | Reached skill level 6 in Spellcasting
  2708 | D:4      | Reached XP level 5. HP: 28/28 MP: 6/20
  2815 | D:4      | Found a sacrificial altar of Ru.
  2900 | D:5      | Entered Level 5 of the Dungeon
  3362 | D:4      | Reached XP level 6. HP: 32/32 MP: 10/22
  3642 | D:4      | Reached skill level 7 in Spellcasting
  4204 | D:5      | Reached skill level 1 in Fighting
  4322 | D:5      | Noticed a two-headed ogre
  4349 | D:5      | Killed a two-headed ogre
  4349 | D:5      | Reached XP level 7. HP: 38/40 MP: 12/25
  4408 | D:5      | Reached skill level 8 in Spellcasting
  4608 | D:5      | Learned a level 2 spell: Shroud of Golubria
  4612 | D:5      | Learned a level 3 spell: Regeneration
  4950 | D:6      | Found Ykumna's General Store.
  4961 | D:6      | Bought a scroll of identify for 30 gold pieces
  5325 | D:6      | Found a shadowy altar of Dithmenos.
  5367 | D:6      | Reached skill level 5 in Dodging
  5726 | D:6      | Reached XP level 8. HP: 34/46 MP: 15/28
  5741 | D:6      | Reached skill level 9 in Spellcasting
  6340 | D:6      | Found a staircase to the Ecumenical Temple.
  6353 | Temple   | Entered the Ecumenical Temple
  6361 | Temple   | Became a worshipper of Sif Muna the Loreminder
  6710 | D:8      | Reached skill level 1 in Fire Magic
  6841 | D:7      | Learned a level 5 spell: Fireball
  6931 | D:7      | Reached skill level 1 in Air Magic
  6979 | D:7      | Found an iron altar of Okawaru.
  6980 | D:7      | Found a glowing silver altar of Zin.
  7218 | D:7      | Acquired Sif Muna's first power
  7218 | D:7      | Reached skill level 1 in Poison Magic
  7653 | D:8      | Reached XP level 9. HP: 31/52 MP: 16/30
  8073 | D:8      | Reached skill level 10 in Spellcasting
  8172 | D:8      | Acquired Sif Muna's second power
  8822 | D:10     | Entered Level 10 of the Dungeon
  8833 | D:10     | Reached skill level 5 in Conjurations
  9306 | D:9      | Found a staircase to the Lair.
 10127 | D:9      | Reached XP level 10. HP: 56/56 MP: 23/32
 10555 | D:9      | Reached skill level 1 in Evocations
 10562 | D:9      | Learned a level 5 spell: Ignite Poison
 10585 | D:9      | Reached skill level 11 in Spellcasting
 10585 | D:9      | Reached skill level 1 in Invocations
 10654 | D:9      | Reached skill level 1 in Transmutations
 10788 | D:9      | Acquired Sif Muna's third power
 10861 | D:9      | Reached skill level 5 in Fire Magic
 11049 | Lair:1   | Entered Level 1 of the Lair of Beasts
 11071 | Lair:1   | Reached skill level 1 in Charms
 11880 | Lair:1   | Noticed an eight-headed hydra
 11894 | Lair:1   | Killed an eight-headed hydra
 12016 | Lair:1   | Reached XP level 11. HP: 54/62 MP: 28/33
 13643 | Lair:2   | Noticed Nergalle
 13649 | Lair:2   | Killed Nergalle
 13757 | Lair:3   | Reached skill level 12 in Spellcasting
 13761 | Lair:3   | Reached skill level 5 in Fighting
 14370 | Lair:2   | Learned a level 6 spell: Bolt of Fire
 15133 | Lair:2   | Reached skill level 5 in Invocations
 15342 | Lair:1   | HP: 3/63 [yak (10)]
 15687 | Lair:2   | Received a gift from Sif Muna
 15687 | Lair:2   | Reached skill level 5 in Translocations
 15688 | Lair:2   | Identified Sif Muna's Disquisition on Damaging Air (Sif Muna gifted it to you on level 2 of the Lair of Beasts)
 16000 | Lair:2   | Reached skill level 5 in Evocations
 16039 | Lair:2   | Learned a level 4 spell: Airstrike
 16261 | Lair:3   | Reached XP level 12. HP: 68/68 MP: 14/35
 16469 | Lair:3   | Reached skill level 5 in Charms
 16471 | Lair:3   | Noticed an eight-headed hydra
 16690 | Lair:3   | Found a staircase to the Snake Pit.
 17801 | Lair:3   | Killed an eight-headed hydra
 17801 | Lair:3   | Reached skill level 5 in Air Magic
 17952 | Lair:2   | Learned a level 5 spell: Bolt of Magma
 18339 | Lair:3   | Reached skill level 1 in Earth Magic
 18805 | Lair:4   | Found a staircase to the Shoals.
 19189 | Lair:4   | Noticed Maud
 19250 | Lair:4   | Killed Maud
 20035 | Lair:4   | Noticed a six-headed hydra
 20043 | Lair:4   | Killed a six-headed hydra
 20043 | Lair:4   | Reached skill level 13 in Spellcasting
 20352 | Lair:5   | Got a transparent great mace
 20353 | Lair:5   | Identified the +3 great mace "Ylefi Chu" {crush, Str+4} (You found it on level 5 of the Lair of Beasts)
 20375 | Lair:5   | Noticed a catoblepas
 20381 | Lair:5   | Killed a catoblepas
 20596 | Lair:5   | Noticed a seven-headed hydra
 20611 | Lair:5   | Killed a seven-headed hydra
 20611 | Lair:5   | Received a gift from Sif Muna
 20994 | Lair:5   | Reached XP level 13. HP: 73/73 MP: 6/36
 21708 | Lair:5   | Noticed a four-headed hydra
 21735 | Lair:5   | Killed a four-headed hydra
 22802 | Lair:6   | Noticed an eight-headed hydra
 22813 | Lair:6   | Killed an eight-headed hydra
 24333 | Lair:8   | Entered Level 8 of the Lair of Beasts
 24339 | Lair:8   | Reached skill level 5 in Earth Magic
 25330 | Lair:8   | Received a gift from Sif Muna
 25337 | Lair:8   | Identified Xaedehinu's Compendium of Calling (Sif Muna gifted it to you on level 8 of the Lair of Beasts)
 26157 | Lair:7   | Reached skill level 14 in Spellcasting
 26473 | Lair:7   | Reached XP level 14. HP: 80/80 MP: 28/38
 28719 | Lair:8   | Noticed Snorg
 28727 | Lair:8   | Killed Snorg
 28832 | Lair:8   | Found a viscous altar of Jiyva.
 28832 | Lair:8   | Found a staircase to the Slime Pits.
 29674 | Lair:2   | Learned a level 5 spell: Summon Forest
 30136 | D:10     | Got a slimy robe
 30147 | D:10     | Identified the +0 robe of Benevolence {rF- rC++ rN++ Int+4 Dex-5} (You found it on level 10 of the Dungeon)
 30429 | D:11     | Noticed a red ugly thing
 30434 | D:11     | Killed a red ugly thing
 30658 | D:10     | Noticed a hill giant
 30669 | D:10     | Killed a hill giant
 32827 | D:12     | Noticed Urug
 32835 | D:12     | Received a gift from Sif Muna
 32835 | D:12     | Reached skill level 10 in Dodging
 32836 | D:12     | Killed Urug
 32858 | D:12     | Noticed Nessos
 32864 | D:12     | Killed Nessos
 32864 | D:12     | Reached skill level 5 in Summonings
 32893 | D:12     | Identified Sif Muna's Compendium of Aerial Battle Magic (Sif Muna gifted it to you on level 12 of the Dungeon)
 33251 | D:13     | Reached skill level 10 in Conjurations
 33634 | D:12     | Found Udax's Antique Weapon Boutique.
 34187 | D:12     | Found a staircase to the Orcish Mines.
 34275 | Orc:1    | Entered Level 1 of the Orcish Mines
 34857 | Orc:1    | Found a shimmering altar of Xom.
 35559 | Orc:4    | Entered Level 4 of the Orcish Mines
 36584 | Orc:3    | Found a staircase to the Elven Halls.
 36604 | Orc:3    | Found a burning altar of Makhleb.
 37061 | Orc:2    | Found a burning altar of Makhleb.
 37633 | Orc:4    | Reached skill level 10 in Invocations
 37638 | Orc:4    | Reached XP level 15. HP: 55/85 MP: 9/39
 37642 | Orc:4    | Reached skill level 15 in Spellcasting
 37897 | Orc:4    | Found Edaewkie's Jewellery Boutique.
 37897 | Orc:4    | Found Ekloipn's Distillery.
 37939 | Orc:4    | Bought 2 potions of curing for 66 gold pieces
 37939 | Orc:4    | Bought a potion of heal wounds for 55 gold pieces
 37939 | Orc:4    | Bought a potion of restore abilities for 55 gold pieces
 37948 | Orc:4    | Bought an uncursed ring of magical power for 360 gold pieces
 38002 | Orc:4    | Reached skill level 10 in Fire Magic
 38213 | Orc:4    | Found a roughly hewn altar of Beogh.
 38229 | Orc:4    | Found Treamnoi's Distillery.
 38229 | Orc:4    | Found Kaixtuca's Gadget Boutique.
 38334 | Orc:4    | Bought a potion of beneficial mutation for 455 gold pieces
 38334 | Orc:4    | Bought a potion of heal wounds for 65 gold pieces
 38334 | Orc:4    | Bought a potion of heal wounds for 65 gold pieces
 38334 | Orc:4    | Gained mutation: Your muscles are strong. (Str +2) [potion of beneficial mutation]
 38344 | Orc:4    | Bought a wand of cold (5) for 252 gold pieces
 38743 | Orc:4    | Bought 2 potions of haste for 260 gold pieces
 38743 | Orc:4    | Bought a potion of curing for 39 gold pieces
 39149 | Lair:2   | Learned a level 6 spell: Iron Shot
 39329 | Elf:1    | Entered Level 1 of the Elven Halls
 39718 | Elf:1    | Received a gift from Sif Muna
 39719 | Elf:1    | Identified Usuob's Guide on Fire and Confrontation (Sif Muna gifted it to you on level 1 of the Elven Halls)
 39966 | Lair:2   | Learned a level 4 spell: Sticky Flame
 40416 | Elf:1    | Found Biuzo's Food Emporium.
 41534 | Elf:1    | Reached skill level 10 in Charms
 42080 | Elf:1    | Noticed Louise
 42080 | Elf:1    | Cast into the Abyss (Louise)
 42124 | Abyss:1  | Received a gift from Sif Muna
 42125 | Abyss:1  | Identified Kheseb's Incunabulum of Augmentations (Sif Muna gifted it to you on level 1 of the Abyss)
 42130 | Abyss:1  | Reached skill level 16 in Spellcasting
 42419 | Abyss:1  | Noticed a tentacled starspawn
 42701 | Abyss:1  | Killed a tentacled starspawn
 42738 | Abyss:1  | Reached XP level 16. HP: 78/92 MP: 19/40
 42831 | Elf:1    | Escaped the Abyss
 42836 | Elf:1    | Killed Louise
 43131 | Elf:1    | Identified a scroll of acquirement
 43422 | Lair:2   | Learned a level 6 spell: Deflect Missiles
 43814 | Elf:2    | Reached skill level 10 in Earth Magic
 44029 | Elf:2    | Found a runed gate.
 44030 | Elf:2    | Found a runed gate.
 44031 | Elf:2    | Found a runed gate.
 44705 | Elf:2    | Noticed Asterion
 44714 | Elf:2    | Killed Asterion
 44863 | Elf:2    | Received a gift from Sif Muna
 45444 | Elf:2    | Reached skill level 17 in Spellcasting
 45880 | Elf:2    | Noticed Frances
 46098 | Elf:2    | Killed Frances
 46819 | Lair:2   | Learned a level 7 spell: Ring of Flames
 46864 | Snake:1  | Entered Level 1 of the Snake Pit
 46925 | Snake:2  | Noticed Saint Roka
 47452 | Snake:1  | Killed Saint Roka
 47762 | Snake:4  | Received a gift from Sif Muna
 47764 | Snake:4  | Identified Sif Muna's Volume of Orientation (Sif Muna gifted it to you on level 4 of the Snake Pit)
 47928 | Snake:4  | Reached XP level 17. HP: 53/97 MP: 3/42
 49006 | Snake:2  | Noticed Vashnia
 49049 | Snake:2  | Killed Vashnia
 49980 | Snake:3  | Noticed Agnes
 49984 | Snake:3  | Mangled by Agnes

Action                   |  1- 3 |  4- 6 |  7- 9 | 10-12 | 13-15 | 16-18 || total
-------------------------+-------+-------+-------+-------+-------+-------++-------
Melee: Dagger            |     2 |     7 |    41 |    50 |       |       ||   100
       Staff             |       |       |       |       |    71 |     2 ||    73
 Cast: Magic Dart        |    80 |   102 |   320 |   218 |    23 |       ||   743
       Call Imp          |     4 |     3 |     7 |       |       |       ||    14
       Mephitic Cloud    |     2 |     7 |    20 |    29 |    19 |     1 ||    78
       Conjure Flame     |     1 |    13 |    37 |    83 |    50 |     4 ||   188
       Blink             |     1 |     3 |    23 |    26 |    20 |     5 ||    78
       Repel Missiles    |     1 |       |     1 |       |       |       ||     2
       Fireball          |       |       |    10 |   122 |   437 |    78 ||   647
       Ignite Poison     |       |       |       |    33 |    33 |    30 ||    96
       Airstrike         |       |       |       |    10 |    62 |    55 ||   127
       Bolt of Fire      |       |       |       |    11 |    65 |    74 ||   150
       Bolt of Magma     |       |       |       |     3 |    74 |       ||    77
       Summon Forest     |       |       |       |       |     4 |       ||     4
       Sticky Flame      |       |       |       |       |     3 |     3 ||     6
       Iron Shot         |       |       |       |       |     3 |     9 ||    12
       Ring of Flames    |       |       |       |       |       |    11 ||    11
       Deflect Missiles  |       |       |       |       |       |     3 ||     3
Invok: Channel Energy    |       |       |       |    34 |   151 |    70 ||   255
 Abil: Evoke Flight      |       |       |       |       |       |     2 ||     2
Evoke: Wand              |       |       |       |     1 |       |       ||     1
  Use: Scroll            |       |     3 |    12 |    12 |    16 |     8 ||    51
       Potion            |       |       |       |     2 |     4 |     2 ||     8
 Stab: Sleeping          |       |       |     3 |       |     1 |       ||     4
       Confused          |       |       |       |     1 |       |       ||     1
       Distracted        |       |       |       |       |     1 |       ||     1
  Eat: Chunk             |     2 |     8 |    14 |    45 |    81 |     5 ||   155
       Fruit             |       |       |     5 |     5 |     3 |     1 ||    14
       Pizza             |       |       |       |     1 |       |     5 ||     6
       Beef jerky        |       |       |       |       |     1 |     9 ||    10
       Meat ration       |       |       |       |       |     2 |     1 ||     3
